 Dungeon Crawl Stone Soup version 0.28-a0-823-gb444dcf96d (webtiles) character file.

Game seed: 5991494720023342338

384 cheechan the Ducker (level 6, 0/43 HPs)
             Began as an Octopode Fighter on Nov 9, 2021.
             Slain by an adder (4 damage)
             ... on level 4 of the Dungeon.
             The game lasted 00:10:37 (2302 turns).

cheechan the Ducker (Octopode Fighter)              Turns: 2302, Time: 00:10:38

Health: 0/43       AC:  1    Str: 17    XL:     6   Next: 77%
Magic:  6/6        EV: 14    Int: 10    God:
Gold:   73         SH:  0    Dex: 12    Spells: 5/5 levels left

rFire   + . .      SeeInvis .   n - +5 scythe (protect)
rCold   . . .      Faith    .   (shield currently unavailable)
rNeg    . . .      Spirit   .   (helmet restricted)
rPois   .          Reflect  .   (no amulet)
rElec   .          Harm     .   d - ring of fire
rCorr   .          Rampage  .   k - ring of protection from cold
Will    .....                   (no ring)
Stlth   +++.......              (no ring)
HPRegen 0.14/turn               (no ring)
MPRegen 0.10/turn               (no ring)
                                (no ring)
                                (no ring)

@: no status effects
A: almost no armour, amphibious, 8 rings, camouflage 1, gelatinous body 1,
(nimble swimmer 1), tentacles
a: no special abilities


You were on level 4 of the Dungeon.
You visited 1 branch of the dungeon, and saw 4 of its levels.

You collected 73 gold pieces.

Inventory:

Hand Weapons
 a - a +0 rapier
 h - a +3 dagger of venom
 i - a +0 hunting sling
 m - a +2 trident of venom
 n - a +5 scythe of protection (weapon)
Missiles
 e - 2 boomerangs (quivered)
 f - 15 sling bullets
 g - 26 arrows
 l - 10 bolts
Armour
 b - a +0 buckler
 s - a +0 kite shield
Jewellery
 d - a ring of fire (left tentacle)
 k - a ring of protection from cold (right tentacle)
Wands
 j - a wand of digging (4)
Scrolls
 r - a scroll of identify
Potions
 c - 2 potions of might
 p - a potion of mutation {unknown}
 q - a potion of heal wounds {unknown}


   Skills:
 + Level 4.0 Fighting
 + Level 4.1 Short Blades
 + Level 2.0 Polearms
 + Level 4.2 Dodging
 + Level 2.6 Stealth
 + Level 3.6 Shields


You had 5 spell levels left.
You didn't know any spells.
Your spell library was empty.

Dungeon Overview and Level Annotations

Branches:
Dungeon (4/15)
 Temple: D:4-7

Altars:
Elyvilon
Nemelex Xobeh


Innate Abilities, Weirdness & Mutations

You cannot wear most types of armour.
You are amphibious.
You can wear up to eight rings at the same time.
Your skin changes colour to match your surroundings (Stealth+).
Your rubbery body absorbs attacks. (AC +1, EV +1)
((You are camouflaged near water. (Stealth+)))
You have tentacles for arms and can constrict up to eight enemies at once.


Message History

The adder bites you.
* * * LOW HITPOINT WARNING * * *
You are poisoned.
The adder poisons you! The endoplasm closely misses you.
You feel better.
You constrict the iguana. The adder closely misses you. The iguana bites you.
* * * LOW HITPOINT WARNING * * *
The endoplasm misses you. The dart slug barely misses you.
You hit the iguana.
You kill the iguana!
The adder bites you but does no damage. The endoplasm freezes you.
You are frozen.
* * * LOW HITPOINT WARNING * * *
The adder closely misses you. The dart slug launches a dart at you.
The slug dart misses you.
Your Polearms skill increases to level 2!
Blink to where?
Press: ? - help, Dir - move target
Found 17 gold pieces.
As you read the scroll of blinking, it crumbles to dust.
The dart slug launches a dart at you.
The slug dart hits you but does no damage.
e - 2 boomerangs
Found a white marble altar of Elyvilon.
Reach: n) +5 scythe (protect)
Press: ? - help, Dir - move target, f - adder
Aim: an adder (about 60% to evade your +5 scythe of protection)
You reach to attack!
You barely miss the adder. The adder bites you.
* * * LOW HITPOINT WARNING * * *
The adder closely misses you.
You closely miss the adder. Your grab misses the adder.
The adder barely misses you. The adder bites you but does no damage.
You miss the adder. Your grab misses the adder. The adder bites you.
* * * LOW HITPOINT WARNING * * *
The endoplasm barely misses you. The adder closely misses you.
The endoplasm closely misses you. The adder bites you.
You die...

#... # #..P.#
#######..P.#
#........P.###
#..$..$..P...
#..........#
#..........#
##......@._.#
.......S#...#
.......J#...#
#......(...#.P.#
#......w...#.P.#
#............P.#
#............P....
#.........#....###
#.........##...#


You could see an adder, a dart slug and an endoplasm.

Vanquished Creatures
  Sigmund (D:2)
  A necrophage (D:4)
  Jessica (D:2)
  An iguana (D:4)
  4 adders
  2 worms (D:2)
  A dart slug (D:3)
  3 orcs
  2 bats
  5 endoplasms
  5 giant cockroaches
  6 hobgoblins
  6 kobolds
  4 ball pythons
  A frilled lizard (D:1)
  5 goblins
  8 rats
56 creatures vanquished.

Notes
Turn   | Place    | Note
-------+----------+-------------------------------------------
     0 | D:1      | cheechan the Octopode Fighter began the quest for the Orb.
     0 | D:1      | Reached XP level 1. HP: 16/16 MP: 1/1
    13 | D:1      | Found a faded altar of an unknown god.
   104 | D:1      | Reached XP level 2. HP: 16/21 MP: 2/2
   681 | D:2      | Noticed Sigmund
   713 | D:2      | Reached XP level 3. HP: 20/26 MP: 3/3
   792 | D:2      | Noticed Jessica
   800 | D:2      | Killed Jessica
   875 | D:2      | Reached XP level 4. HP: 31/31 MP: 4/4
  1333 | D:2      | Killed Sigmund
  1334 | D:2      | Reached XP level 5. HP: 13/37 MP: 5/5
  1412 | D:3      | Reached XP level 6. HP: 22/43 MP: 6/6
  1675 | D:3      | Found a sparkling altar of Nemelex Xobeh.
  2279 | D:4      | Noticed a necrophage
  2287 | D:4      | Killed a necrophage
  2288 | D:4      | Reached skill level 1 in Polearms
  2298 | D:4      | Found a white marble altar of Elyvilon.
  2302 | D:4      | Slain by an adder

Illustrated notes

Levels and vault maps discovered:
D:1:      saegor_arrival_simple_b, layout_basic,
          shapermc_ecumenical_altar_mp_highgroup
D:2:      layout_basic, uniq_jessica, uniq_sigmund
D:3:      layout_basic, mainiacjoe_overflow_catwalk, serial_bayou_pond_d
D:4:      layout_rooms, mainiacjoe_overflow_boulevard

Skill      XL: |  1  2  3  4  5  6 |
---------------+-------------------+-----
Short Blades   | 3 4 |  4.1
Dodging        | 4 |  4.2
Stealth        | 2 |  2.6
Fighting       | 4 |  4.0
Polearms       | 2 |  2.0
Shields        | |  3.6

Action                   |  1- 3 |  4- 6 || total
-------------------------+-------+-------++-------
Melee: Rapier            |    42 |     2 ||    44
       Constrict         |    12 |    13 ||    25
       Tentacles         |    10 |     9 ||    19
       Dagger            |       |    13 ||    13
       Scythe            |       |    45 ||    45
  Use: Scroll            |     2 |     3 ||     5
       Potion            |       |     1 ||     1
 Stab: Sleeping          |     3 |     4 ||     7
Armor: Skin              |       |    15 ||    15
Dodge: Dodged            |    18 |    75 ||    93
Block: Buckler           |     6 |     1 ||     7

Table legend: (Time is in decaauts)
 A = Elapsed time spent in this place.
 B = Non-inter-level travel time spent in this place.
 C = Inter-level travel time spent in this place.
 D = Time resting spent in this place.
 E = Time spent auto-exploring this place.
 F = Levels seen in this place.
 G = Mean time per level.
                   A        B        C        D        E       F      G
               +--------+--------+--------+--------+--------+-----+--------+
         Total |   2345 |   2345 |      0 |      0 |      0 |   4 |  586.2 |
       Dungeon |   2345 |   2345 |      0 |      0 |      0 |   4 |  586.2 |
               +--------+--------+--------+--------+--------+-----+--------+

Top non-repeatable levels by time:
     D:3: 929 daAuts
     D:2: 714 daAuts
     D:1: 665 daAuts
     D:4: 36 daAuts
